AoeStats
← chuvaksakhalin

Arabia

509005774Analyzed
1v1 RM · 8d ago on Sep 25, 2026· 27m 26s· 2 players
Game mode
Random Map
Map size
Tiny (2 player)
Population
200
Speed
Normal
Resources
Standard
Victory
Conquest
Starting age
Dark Age
Ending age
Imperial Age
RankedLock teamsTeams togetherTeam positionsShared explorationLock speedFull tech treeHidden civsTurbo modeCheats
Victory
Defeat
🇰🇿 Bulgarians · Kazakhstan
706
+18
🇨🇱 Magyars · Chile
749
-18
chuvaksakhalin
11:16 Feudal Age
12:12 Arson
26:09 Castle Age
23:58 Double-Bit Axe
25:19 Forging
25:10 Scale Mail Armor
27:19 Husbandry
manu.mg.contacto
2:59 Loom
7:45 Loom
11:17 Feudal Age
12:34 Wheelbarrow
11:47 Double-Bit Axe
14:09 Man-at-Arms
Connection lost

Rejoining the realm…

Still unreachable

The connection could not be restored.

Session expired

The server has moved on; the page needs a fresh start.